 Dungeon Crawl Stone Soup version 0.30-a0-748-ge6a52f7cba (webtiles) character file.

Game seed: 4252499150837564043

79 porpoise the Sneak (level 4, -3/33 HPs)
             Began as a Demonspawn Enchanter on Feb 9, 2023.
             Succumbed to an orc wizard's poison
             ... on level 3 of the Dungeon.
             The game lasted 00:06:58 (1407 turns).

porpoise the Sneak (Demonspawn Enchanter)           Turns: 1407, Time: 00:06:59

Health: -3/33      AC:  2    Str:  8    XL:     4   Next: 17%
Magic:  7/7        EV: 12    Int: 18    God:
Gold:   53         SH:  0    Dex: 16    Spells: 5/7 levels left

rFire   . . .      SeeInvis .    a - +1 dagger
rCold   . . .      Faith    .    (no shield)
rNeg    . . .      Spirit   .    g - +0 robe
rPois   .          Reflect  .    (no helmet)
rElec   .          Harm     .    (no cloak)
rCorr   .          Rampage  .    (no gloves)
Will    .....                    (no boots)
Stlth   ++                       e - amulet of magic regeneration
HPRegen 0.25/turn                (no ring)
MPRegen 0.50/turn                (no ring)

@: lethally poisoned (-3 -> -22), flying
A: claws 1, foul stench 1, big brain 1
a: no special abilities


You were on level 3 of the Dungeon.
You visited 1 branch of the dungeon, and saw 4 of its levels.

You collected 53 gold pieces.

Inventory:

Hand Weapons
 a - a +1 dagger (weapon)
 b - a +0 sling
Armour
 g - a +0 robe (worn)
 h - an orb of energy
Jewellery
 e - an amulet of magic regeneration (around neck)
 i - a ring of see invisible
Scrolls
 d - 2 scrolls of poison {unknown}
Potions
 c - a potion of invisibility


   Skills:
 + Level 2.0 Fighting
 + Level 2.2 Short Blades
 - Level 1.7 Dodging
 + Level 3.4 Stealth
 - Level 2.0 Spellcasting
 - Level 3.0 Hexes


You had 5 spell levels left.
You knew the following spells:

 Your Spells              Type           Power      Damage    Failure   Level
e - Ensorcelled Hibernat  Hex/Ice        14%        N/A       14%         2

Your spell library contained the following spells:

 Spells                   Type           Power      Damage    Failure   Level
 Confusing Touch          Hex            12%        N/A       16%         3
 Tukima's Dance           Hex            12%        N/A       16%         3
 Dazzling Flash           Conj/Hex       14%        N/A       28%         3


Dungeon Overview and Level Annotations

Branches:
Dungeon (4/15)
 Temple: D:4-7

Altars:


Innate Abilities, Weirdness & Mutations

You have sharp fingernails.
You may rarely emit foul miasma when damaged in melee.
You have an unusually large brain. (Int +2)


Message History

Confirm with . or Enter, or press ? or * to list all spells.
Aiming: Ensorcelled Hibernation (safe; 14% risk of failure)
Press: ? - help, Shift-Dir - straight line, f - orc
Aim: an orc, wielding a +0 flail and wearing a +0 ring mail (chance to affect: 58%)
Okay, then.
Unknown command.
Casting: Ensorcelled Hibernation (safe; 14% risk of failure)
Confirm with . or Enter, or press ? or * to list all spells.
Aiming: Ensorcelled Hibernation (safe; 14% risk of failure)
Press: ? - help, Shift-Dir - straight line Nothing appears to happen.
You feel sick.
You hit something.
You hear a shout!
You hear some strange, mumbled words.
A puff of flame appears from out of thin air!
The puff of flame misses you.
You hit something but do no damage.
You feel sick. Something hits you.
You hit something but do no damage.
You feel sick.
You are no longer poisoned.
You closely miss something. Something hits you.
You hit something.
You hear some strange, mumbled words.
Something tries to affect you, but you resist.
You hit something but do no damage. Something hits you.
You miss something. Something hits you but does no damage.
You are lethally poisoned!
You hit something.
* * * LOW HITPOINT WARNING * * *
You feel very sick. Something hits you.
* * * LOW HITPOINT WARNING * * *
You are more poisoned.
You barely miss something.
* * * LOW HITPOINT WARNING * * *
You feel very sick. Something hits you but does no damage.
You are more poisoned.
It was a potion of flight.
You feel very buoyant.
You fly up into the air.
You die...

######### #)......# . #.......#
.. #.......####### ...#######
#.......#...... .........#
#.......#...... .........#
#.......#......
###......#########.......#......
.......)......)@{oo...†.........
..#...........####o......#o.....
#.....>...######......)#......
......###>..........######......
...... ###.#...##### #.o.o..
..##.. #...#.# #...... # #.
.#...... ####.## #. . .#.### !.
. ...# ..#


You could see 3 orcs.

Vanquished Creatures
  An orc wizard (D:3)
  A gnoll (D:1)
  An adder (D:3)
  A dart slug (D:1)
  2 orcs (D:3)
  An endoplasm (D:1)
  2 giant cockroaches (D:1)
  3 goblins
  4 hobgoblins
  4 jackals (D:1)
  3 quokkas (D:1)
  3 bats (D:1)
  A frilled lizard (D:1)
  A kobold (D:1)
  A rat (D:1)
29 creatures vanquished.

Notes
Turn   | Place    | Note
-------+----------+-------------------------------------------
     0 | D:1      | porpoise the Demonspawn Enchanter began the quest for the
                  | Orb.
     0 | D:1      | Reached XP level 1. HP: 13/13 MP: 3/3
    41 | D:1      | Reached skill level 1 in Short Blades
   297 | D:1      | Gained mutation: You may rarely emit foul miasma when
                  | damaged in melee. [demonic ancestry]
   297 | D:1      | Reached XP level 2. HP: 4/20 MP: 5/5
   393 | D:1      | Reached skill level 1 in Fighting
   442 | D:1      | Learned a level 2 spell: Ensorcelled Hibernation
  1112 | D:1      | Gained mutation: You have an unusually large brain. (Int
                  | +2) [demonic ancestry]
  1112 | D:1      | Reached XP level 3. HP: 19/26 MP: 6/6
  1271 | D:2      | You fall into a shaft and drop 2 floors!
  1313 | D:3      | HP: 1/26 [something/puff of flame (7)]
  1324 | D:3      | Gained mutation: You have sharp fingernails. [demonic
                  | ancestry]
  1324 | D:3      | Reached XP level 4. HP: 27/33 MP: 7/7
  1406 | D:3      | HP: 1/33 [poisoned by an orc wizard]
  1407 | D:3      | Succumbed to an orc wizard's poison

Illustrated notes

Levels and vault maps discovered:
D:1:      dpeg_arrival_central, layout_basic
D:2:      layout_loops_ring, basic_altar
D:3:      layout_rooms, serial_shops, nicolae_shop_behind_doors,
          shapermc_ecumenical_altar_pompeii, hellmonk_ghost_happy_afterlife
D:4:      layout_loops_ring, uniq_grinder, uniq_crazy_yiuf_cottage,
          uniq_natasha, uniq_sigmund

Skill      XL: |  1  2  3  4 |
---------------+-------------+-----
Short Blades   | 1 2 |  2.2
Fighting       | 1 2 |  2.0
Stealth        | 3 |  3.4
Dodging        | |  1.7
Spellcasting   | |  2.0
Hexes          | |  3.0

Action                     |  1- 3 |  4- 6 || total
---------------------------+-------+-------++-------
  Melee: Dagger            |   128 |    23 ||   151
         Punch             |     3 |       ||     3
   Fire: Sling             |     7 |       ||     7
   Cast: Ensorcelled Hiber |       |     3 ||     3
    Use: Potion            |     2 |     1 ||     3
   Stab: Sleeping          |     4 |       ||     4
 Armour: Robe              |    26 |     4 ||    30
  Dodge: Dodged            |   104 |    13 ||   117

Table legend: (Time is in decaauts)
 A = Elapsed time spent in this place.
 B = Non-inter-level travel time spent in this place.
 C = Inter-level travel time spent in this place.
 D = Time resting spent in this place.
 E = Time spent auto-exploring this place.
 F = Levels seen in this place.
 G = Mean time per level.
                   A        B        C        D        E       F      G
               +--------+--------+--------+--------+--------+-----+--------+
         Total |   1396 |   1358 |     38 |    311 |    620 |   4 |  349.0 |
       Dungeon |   1396 |   1358 |     38 |    311 |    620 |   4 |  349.0 |
               +--------+--------+--------+--------+--------+-----+--------+

Top non-repeatable levels by time:
     D:1: 1263 daAuts
     D:3: 113 daAuts
     D:4: 19 daAuts
